AoeStats
← groger

Arabia

509246897Analyzed
1v1 RM · 6d ago on Sep 26, 2026· 61m 40s· 2 players
Game mode
Random Map
Map size
Tiny (2 player)
Population
200
Speed
Normal
Resources
Standard
Victory
Conquest
Starting age
Dark Age
Ending age
Imperial Age
RankedLock teamsTeams togetherTeam positionsShared explorationLock speedFull tech treeHidden civsTurbo modeCheats
Victory
Defeat
🇺🇸 Bohemians · United States
396
+21
🇺🇸 Saxons · United States
518
-21
groger
10:29 Feudal Age
12:34 Horse Collar
16:55 Double-Bit Axe
20:59 Castle Age
20:59 Scale Barding Armor
21:03 Light Cavalry
23:43 Forging
30:54 Loom
32:03 Man-at-Arms
39:41 Imperial Age
37:50 Long Swordsman
40:36 Two-Handed Swordsman
41:13 Fletching
41:01 Elite Hussite Wagon
43:44 Bow Saw
44:20 Iron Casting
44:40 Wheelbarrow
45:50 Chemistry
45:12 Ballistics
50:22 Cavalier
53:02 Champion
MrPiff
11:57 Feudal Age
14:28 Double-Bit Axe
17:18 Castle Age
16:31 Horse Collar
16:45 Gold Mining
19:47 Wheelbarrow
22:48 Forging
25:06 Gambesons
24:41 Pikeman
25:24 Squires
26:31 Pikeman
27:53 Iron Casting
27:20 Scale Mail Armor
28:59 Hand Cart
30:35 Heavy Plow
30:47 Bow Saw
33:16 Squires
33:02 Gambesons
33:48 Man-at-Arms
36:01 Long Swordsman
40:16 Chain Mail Armor
39:56 Arson
46:57 Imperial Age
47:27 Two-Handed Swordsman
53:01 Shield Wall
54:10 Thumb Ring
56:01 Two-Man Saw
56:07 Crop Rotation
56:23 Gold Shaft Mining
55:40 Stone Mining
57:41 Champion
58:00 Cranequins
59:27 Champion
60:10 Halberdier
Connection lost

Rejoining the realm…

Still unreachable

The connection could not be restored.

Session expired

The server has moved on; the page needs a fresh start.